AoeStats
← Thorshammerpådinmor

Arena

510363225Analyzed
1v1 RM · 13h ago on Sep 30, 2026· 37m 53s· 2 players
Game mode
Random Map
Map size
Tiny (2 player)
Population
200
Speed
Normal
Resources
Standard
Victory
Conquest
Starting age
Dark Age
Ending age
Imperial Age
RankedLock teamsTeams togetherTeam positionsShared explorationLock speedFull tech treeHidden civsTurbo modeCheats
Victory
Defeat
900
+16
🇩🇰 Turks · Denmark
896
-16
Thorshammerpådinmor
10:31 Feudal Age
9:08 Loom
16:11 Castle Age
30:22 Imperial Age
Napoléon Chirac Trebuchet
11:26 Feudal Age
15:28 Castle Age
14:12 Loom
24:11 Wheelbarrow
27:13 Imperial Age
24:47 Double-Bit Axe
25:21 Scale Barding Armor
25:35 Husbandry
26:03 Forging
26:12 Town Watch
26:37 Gold Mining
29:10 Fletching
30:25 Bodkin Arrow
31:54 Iron Casting
32:54 Chain Barding Armor
32:04 Cavalier
34:48 Conscription
38:18 Chain Barding Armor
Connection lost

Rejoining the realm…

Still unreachable

The connection could not be restored.

Session expired

The server has moved on; the page needs a fresh start.